 Dungeon Crawl Stone Soup version 0.25.1-2-g60ff931df9 (webtiles) character file.

Game seed: 5781493493785542418

787 Impeuri the Firebug (level 7, -3/36 HPs)
             Began as a Gargoyle Fire Elementalist on Aug 26, 2020.
             Killed from afar by Ijyb (16 damage)
             ... with a bolt of acid
             ... on level 5 of the Dungeon.
             The game lasted 00:10:27 (4373 turns).

Impeuri the Firebug (Gargoyle Fire Elementalist)    Turns: 4373, Time: 00:10:27

Health: -3/36      AC:  8    Str: 17    XL:     7   Next: 87%
Magic:  3/12       EV: 12    Int: 18    God:
Gold:   247        SH:  0    Dex: 10    Spells: 5/13 levels left

rFire    . . .     SeeInvis .   b - +2 whip (elec)
rCold    . . .     Gourm    .   (no shield)
rNeg     + . .     Faith    .   w - +0 robe (curse)
rPois    ∞         Spirit   .   a - +2 helmet
rElec    +         Reflect  .   (no cloak)
rCorr    .         Harm     .   x - +0 pair of gloves
MR       .....                  g - +1 pair of boots
Stlth    ++........             h - amulet of regeneration
HPRegen  0.52/turn              u - +6 ring of strength
MPRegen  0.13/turn              (no ring)

@: corroded
A: mutation resistance 1, negative energy resistance 1, electricity resistance,
unbreathing, petrification resistance, rot immunity, AC +4
a: no special abilities


You were on level 5 of the Dungeon.
You were not hungry.

You visited 1 branch of the dungeon, and saw 5 of its levels.

You collected 247 gold pieces.

Inventory:

Hand Weapons
 b - a +2 whip of electrocution (weapon)
 t - a +1 flail of protection
Missiles
 m - 12 boomerangs (quivered)
 z - 19 poisoned darts
Armour
 a - a +2 helmet (worn)
 g - a +1 pair of boots (worn)
 w - a cursed +0 robe (worn)
 x - a +0 pair of gloves (worn)
Jewellery
 h - an amulet of regeneration (around neck)
 u - a +6 ring of strength (left hand)
Wands
 j - a wand of disintegration (17)
 y - a wand of random effects (18)
Scrolls
 e - a scroll of teleportation
 i - 2 scrolls of enchant armour
 l - 2 scrolls of immolation
 n - 7 scrolls of identify
 o - a scroll of blinking
 p - 2 scrolls of fear
 q - 2 scrolls of magic mapping
Potions
 d - 2 potions of curing
 k - a potion of mutation
 r - 2 potions of brilliance
Comestibles
 c - 6 rations


   Skills:
 - Level 1.5 Dodging
 - Level 2.1 Stealth
 + Level 3.9 Spellcasting
 * Level 5.8 Conjurations
 * Level 6.1 Fire Magic


You had 5 spell levels left.
You knew the following spells:

 Your Spells              Type           Power        Failure   Level  Hunger
a - Foxfire               Conj/Fire      ####         1%          1    None
b - Conjure Flame         Conj/Fire      ####....     3%          3    ###....
c - Sticky Flame          Conj/Fire      ####....     12%         4    ####...

Your spell library contained the following spells:

 Spells                   Type           Power        Failure   Level  Hunger
 Inner Flame              Hex/Fire       ##......     13%         3    ###....
 Fireball                 Conj/Fire      ####......   34%         5    ######.


Dungeon Overview and Level Annotations

Branches:
Dungeon (5/15)
 Temple: D:4-7

Altars:
Nemelex Xobeh
Trog
Vehumet

Annotations:
D:5 Ijyb


Innate Abilities, Weirdness & Mutations

You are resistant to torment.
Your stone body is resilient. (AC +4)
You are immune to poison.
You resist negative energy. (rN+)
You are resistant to electric shocks. (rElec)
You can survive without breathing.
You are immune to petrification.
You are immune to rotting.
You are somewhat resistant to further mutation.


Message History

Your foxfire dissipates! x2
Casting: Foxfire (safe; 1% risk of failure)
Confirm with . or Enter, or press ? or * to list all spells.
You conjure some foxfire!
The foxfire hits Ijyb.
Ijyb is moderately wounded.
The foxfire hits Ijyb.
Ijyb is moderately wounded.
Ijyb zaps a wand.
The bolt of acid hits you! The acid corrodes you!
You are splashed with acid!
Casting: Foxfire (safe; 1% risk of failure)
Confirm with . or Enter, or press ? or * to list all spells.
You conjure some foxfire!
The foxfire hits Ijyb.
Ijyb is moderately wounded.
The foxfire hits Ijyb.
Ijyb is heavily wounded.
Ijyb screams, "I cut your head off!"
Ijyb zaps a wand.
The bolt of acid hits your foxfire!
Your foxfire is splashed with acid.
The acid corrodes your foxfire! The bolt of acid hits you!
You die...

..... ... .... ... #
#. ...# .... #. ##.
..## ..... #.##..
#..##.....
#.....###.§.g....
#.....#.§.v.#
#......)@v§#
#........§.#
###########'###...#
##......##...###+###
#.....<........#
#..............#
+...)..........#
#.##...###..#### #
#+### #..#


You could see Ijyb.

Vanquished Creatures
  Pikel (D:4)
  An ogre (D:5)
  A centaur skeleton (D:4)
  3 worker ants
  Robin (D:4)
  A gnoll (D:1)
  6 adders
  2 oozes
  3 worms
  2 dart slugs (D:1)
  2 leopard geckos
  6 orcs
  7 bats
  4 giant cockroaches
  15 goblins
  7 hobgoblins
  3 jackals
  A quokka (D:3)
  3 ball pythons
  5 frilled lizards
  10 kobolds
  11 rats
95 creatures vanquished.

Vanquished Creatures (others)
  A leopard gecko skeleton (D:4)
  238 foxfires
239 creatures vanquished.

Grand Total: 334 creatures vanquished

Notes
Turn   | Place    | Note
-------+----------+-------------------------------------------
     0 | D:1      | Impeuri the Gargoyle Fire Elementalist began the quest for
                  | the Orb.
     0 | D:1      | Reached XP level 1. HP: 10/10 MP: 3/3
   284 | D:1      | Reached XP level 2. HP: 15/15 MP: 1/5
   639 | D:1      | Reached XP level 3. HP: 19/19 MP: 2/6
   910 | D:1      | Found a radiant altar of Vehumet.
   916 | D:1      | Gained mutation: You are partially covered in rugged brown
                  | scales. (AC +1, +3% HP) [potion of mutation]
   916 | D:1      | Gained mutation: You occasionally shout uncontrollably at
                  | your foes. [potion of mutation]
   916 | D:1      | Gained mutation: You are surrounded by a mild repulsion
                  | field. (EV +2) [potion of mutation]
   917 | D:1      | Lost mutation: You occasionally shout uncontrollably at
                  | your foes. [potion of mutation]
   917 | D:1      | Lost mutation: You are surrounded by a mild repulsion
                  | field. (EV +2) [potion of mutation]
   917 | D:1      | Lost mutation: You are partially covered in rugged brown
                  | scales. (AC +1, +3% HP) [potion of mutation]
   917 | D:1      | Gained mutation: You are somewhat resistant to further
                  | mutation. [potion of mutation]
  1136 | D:2      | Reached XP level 4. HP: 21/24 MP: 3/7
  1371 | D:2      | Reached skill level 4 in Fire Magic
  1828 | D:3      | Reached XP level 5. HP: 28/28 MP: 5/9
  2978 | D:4      | Found a bloodstained altar of Trog.
  3022 | D:4      | Got an ichor-stained chain mail
  3023 | D:4      | Identified the +1 chain mail of the Game of Life {Int+3}
                  | (You found it on level 4 of the Dungeon)
  3038 | D:4      | Found a sparkling altar of Nemelex Xobeh.
  3076 | D:4      | Learned a level 3 spell: Conjure Flame
  3081 | D:4      | Learned a level 4 spell: Sticky Flame
  3129 | D:4      | Noticed a slave
  3130 | D:4      | Noticed a slave
  3131 | D:4      | Noticed Pikel
  3139 | D:4      | Noticed a slave
  3140 | D:4      | Noticed a slave
  3169 | D:4      | Killed Pikel
  3169 | D:4      | Reached skill level 5 in Conjurations
  3169 | D:4      | Reached skill level 5 in Fire Magic
  3169 | D:4      | Reached XP level 6. HP: 32/32 MP: 0/11
  3169 | D:4      | Reached XP level 7. HP: 36/36 MP: 0/12
  3795 | D:4      | Noticed Robin
  3827 | D:4      | Killed Robin
  4345 | D:5      | Entered Level 5 of the Dungeon
  4363 | D:5      | Reached skill level 6 in Fire Magic
  4367 | D:5      | Noticed Ijyb
  4373 | D:5      | Killed from afar by Ijyb

Illustrated notes

Levels and vault maps discovered:
D:1:      dpeg_arrival_lava_altar, layout_basic, minmay_misc_feat_rugged
D:2:      layout_rooms, first_ration, minmay_misc_feat_five,
          minmay_joined_circles
D:3:      layout_basic
D:4:      layout_basic, nemelex_altar_shiori, lemuel_doored_altar, uniq_pikel,
          uniq_robin
D:5:      layout_gridville, lemuel_round_altar, nicolae_dithmenos_shadow_blocks,
          lemuel_crystal_altar, kennysheep_slug_shrine, uniq_sigmund, uniq_ijyb

Skill      XL: |  1  2  3  4  5  6  7 |
---------------+----------------------+-----
Conjurations   | 2 3 5 |  5.8
Fire Magic     | 4 5 6 |  6.1
Spellcasting   | 3 |  3.9
Dodging        | |  1.5
Stealth        | |  2.1

Action                   |  1- 3 |  4- 6 |  7- 9 || total
-------------------------+-------+-------+-------++-------
Melee: Unarmed           |    10 |       |       ||    10
       Whip              |    18 |    24 |    44 ||    86
       Short sword       |       |    17 |       ||    17
       Trident           |       |    18 |       ||    18
       Flail             |       |    34 |       ||    34
 Cast: Foxfire           |    48 |    73 |    32 ||   153
  Use: Scroll            |     2 |     4 |     2 ||     8
       Potion            |     4 |     5 |       ||     9
 Stab: Sleeping          |       |     1 |       ||     1
  Eat: Chunk             |     1 |     7 |     4 ||    12
Armor: Robe              |    25 |    45 |    19 ||    89
Dodge: Dodged            |    61 |   109 |    32 ||   202
